 Dungeon Crawl Stone Soup version 0.29.1-15-g9cfb28693d (webtiles) character file.

Game seed: 11892772554805515430

14796 EarthwalkerPL the Fighter (level 11, -5/93 HPs)
             Began as a Minotaur Fighter on Mar 12, 2023.
             Was a High Priest of Okawaru.
             Shot with an arrow by a salamander (12 damage)
             ... in a volcano.
             The game lasted 00:36:55 (16779 turns).

EarthwalkerPL the Fighter (Minotaur Fighter)       Turns: 16779, Time: 00:36:55

Health: -5/93      AC: 28    Str: 22 (24) XL:     11   Next: 93%
Magic:  7/12       EV:  8    Int:  5      God:    Okawaru [*****.]
Gold:   825        SH:  6    Dex: 11      Spells: 10/10 levels left

rFire   . . .      SeeInvis +   a - +0 war axe
rCold   . . .      Faith    .   c - +0 buckler
rNeg    + . .      Spirit   .   R - +8 plate armour {rPois}
rPois   +          Reflect  .   (helmet restricted)
rElec   +          Harm     .   C - +0 cloak of a Gauntlet {+Blink rElec rPois}
rCorr   +          Rampage  .   x - +0 pair of gloves {infuse}
Will    +++..      Clarity  +   f - +0 pair of boots
Stlth   ..........              F - amulet of the Four Winds {rN+ Will+++ Clar}
HPRegen 0.25/turn               s - ring of see invisible
MPRegen 0.13/turn               L - ring of resist corrosion

@: no status effects
A: horns 2, retaliatory headbutt, deterioration 1, frail 1
a: Renounce Religion, Evoke Blink, Heroism, Finesse, Duel


You were in a volcano.
You worshipped Okawaru.
Okawaru was extremely pleased with you.
You visited 3 branches of the dungeon, and saw 13 of its levels.
You also visited: Sewer, Ossuary and Volcano.

You collected 940 gold pieces.
You spent 115 gold pieces at shops.

Inventory:

Hand Weapons
 a - a +0 war axe (weapon)
 H - a +4 longbow of freezing
Missiles
 e - 3 silver boomerangs
 j - 8 silver javelins
 l - 5 boomerangs
 p - 31 poisoned darts (quivered)
 M - a throwing net
 P - 2 datura-tipped darts
Armour
 b - a +0 scale mail
 c - a +0 buckler (worn)
 f - a +0 pair of boots (worn)
 w - a +0 cloak
 x - a +0 pair of gloves of infusion (worn)
 C - the +0 cloak of a Gauntlet (worn) {+Blink rElec rPois}
   (You found it on level 4 of the Dungeon)

   rElec:     It insulates you from electricity.
   rPois:     It protects you from poison.
   +Blink:    It lets you blink.
 R - a +8 plate armour of poison resistance (worn)
Jewellery
 o - an amulet of faith
 s - a ring of see invisible (left hand)
 F - the amulet of the Four Winds (around neck) {rN+ Will+++ Clar}
   (You found it on level 6 of the Dungeon)

   [amulet of nothing]

   rN:        It protects you from negative energy.
   Clar:      It protects you against confusion.
   Will:      It greatly increases your willpower.
 L - a ring of resist corrosion (right hand)
Wands
 i - a wand of digging (6)
 u - a wand of charming (16)
 B - a wand of light (6)
 O - a wand of mindburst (7)
Scrolls
 g - 5 scrolls of noise
 m - 6 scrolls of teleportation
 y - 2 scrolls of blinking
 D - 3 scrolls of butterflies
 E - 2 scrolls of vulnerability
 G - 3 scrolls of poison
 K - 2 scrolls of amnesia
 Q - a scroll of identify
Potions
 d - 2 potions of might
 h - 8 potions of curing
 k - a potion of magic {unknown}
 n - 4 potions of mutation {unknown}
 q - 3 potions of heal wounds {unknown}
 r - 11 potions of degeneration {unknown}
 t - 3 potions of haste {unknown}
 v - 3 potions of attraction {unknown}
 z - a potion of resistance {unknown}
 A - a potion of brilliance
 I - a potion of cancellation {unknown}
 J - 3 potions of flight {unknown}
 N - a potion of lignification {unknown}


   Skills:
 * Level 12.2 Fighting
 * Level 12.0 Axes
 + Level 3.7 Throwing
 * Level 12.2 Armour
 + Level 4.1 Dodging
 + Level 9.1 Shields
 + Level 3.6 Invocations


You had 10 spell levels left.
You didn't know any spells.
Your spell library contained the following spells:

 Spells                   Type           Power      Damage    Failure   Level
 Apportation              Tloc           0%         N/A       100%        1
 Necrotise                Necr           0%         1d4       100%        1
 Fulminant Prism          Conj/Hex       0%         3d6       100%        4
 Summon Ice Beast         Ice/Summ       Unusable   N/A       N/A         4

Dungeon Overview and Level Annotations

Branches:
Dungeon (10/15)            Temple (1/1) D:6            Lair (0/5) D:8
    Orc (2/2) D:10            Elf (0/3) Orc:2         Sewer (visited)
Ossuary (visited)         Volcano (1/1)

Altars:
Ashenzari
Cheibriados
Dithmenos
Elyvilon
Fedhas
Gozag
Hepliaklqana
Kikubaaqudgha
Makhleb
Nemelex Xobeh
Okawaru
Qazlal
Ru
Sif Muna
Trog
Uskayaw
Vehumet
Wu Jian
Xom
Yredelemnul
Zin
The Shining One

Shops:
D:1 *   Orc:2 :

Annotations:
D:8 3 runed translucent doors, ghwc's ghost, novice DsAK


Innate Abilities, Weirdness & Mutations

You have a pair of horns on your head.
You reflexively headbutt those who attack you in melee.
Your body sometimes deteriorates upon taking damage.
You are frail. (-10% HP)


Message History

You hit the salamander.
You headbutt the salamander, but do no damage.
The salamander is severely wounded.
The salamander hits you but does no damage.
You slash the salamander!
The salamander is almost dead.
The salamander hits you with a +2 vorpal spear!
* * * LOW HITPOINT WARNING * * *
You are engulfed in flames!
* * * LOW HITPOINT WARNING * * *
x2 Unknown command.
You hit the salamander.
The salamander is almost dead.
The salamander hits you but does no damage.
You hit the salamander.
The salamander is almost dead.
The salamander hits you but does no damage.
You slash the salamander!
You kill the salamander!
Okawaru accepts your kill.
Your Axes skill increases to level 12!
Unknown command.
The salamander attacks as you move away!
The salamander unwields a +0 shortbow of flaming.
It stops flaming.
The salamander hits you but does no damage.
The salamander wields a +0 shortbow of flaming.
It bursts into flame!
The salamander shoots an arrow.
The arrow hits you but does no damage.
The salamander shoots an arrow.
The arrow hits you but does no damage.
The salamander shoots an arrow.
The arrow hits you but does no damage.
The salamander shoots an arrow.
The arrow closely misses you.
The salamander shoots an arrow.
The arrow hits you.
* * * LOW HITPOINT WARNING * * *
The arrow burns you.
* * * LOW HITPOINT WARNING * * *
The salamander shoots an arrow.
The arrow barely misses you.
The salamander shoots an arrow.
The arrow hits you but does no damage.
The salamander shoots an arrow.
The arrow hits you!
You die...

...≈≈≈≈§§≈≈≈§§.#.##.#
§.≈≈≈≈≈≈§§§≈≈.##..#.###
.≈≈§≈§§≈§§≈§≈.#∩..##..#
§≈≈≈§§§§§§≈§≈.##..∩##.#
≈≈≈≈§§≈§≈≈§§≈..##.##..#
≈§≈≈§≈≈§§§≈≈≈≈..#.#.###
§≈≈≈§≈§§§≈≈§≈§..##.##
≈≈§≈≈§≈≈§≈≈≈≈≈§≈.###
≈§§§§≈≈§§≈§≈§≈≈≈@.##
≈§§≈≈§≈§≈§≈≈≈≈§....##
≈≈≈≈§§≈≈≈≈≈≈≈≈≈.....#
≈§≈≈§§§≈≈≈≈≈≈≈......#
≈≈§≈§§§§≈≈≈.§......##
≈≈§§§§≈§§≈......#.##
≈≈≈§§§§§≈≈≈....####
.≈≈§≈≈≈≈§≈N..###
...§≈§≈≈....##


You could see a salamander.

Vanquished Creatures
  2 two-headed ogres (D:10)
  An orc high priest (Orc:1)
  Pikel (D:4)
  2 orc knights
  2 orc sorcerers
  2 salamanders (Volcano)
  Maurice (D:10)
  A hornet (D:9)
  4 trolls
  Sigmund (D:5)
  A wyvern (D:10)
  7 fire bats (Volcano)
  Grum (D:9)
  A steam dragon (D:9)
  6 wargs
  2 water moccasins
  2 ice beasts (D:5)
  14 orc warriors
  A sky beast (D:8)
  5 centaurs
  3 ogres
  6 wolves
  A phantom (D:7)
  3 lemures
  2 kobold brigands
  4 bullfrogs
  A gnoll sergeant (D:9)
  Blork the orc (D:5)
  2 scorpions
  13 wights
  A water moccasin zombie (Ossuary)
  13 killer bees
  3 electric eels
  3 bullfrog zombies (Ossuary)
  2 howler monkeys (D:9)
  A centaur zombie (Ossuary)
  3 hounds (D:8)
  6 lava snakes (Volcano)
  8 orc priests
  A jelly (D:6)
  Crazy Yiuf (D:3)
  A gnoll bouda (D:8)
  6 iguanas
  11 orc wizards
  9 gnolls
  12 adders
  A river rat (D:5)
  A shadow imp (D:5)
  2 white imps (D:8)
  3 ufetubi
  2 adder zombies (Ossuary)
  A dart slug (D:4)
  50 orcs
  9 ball pythons
  8 endoplasms
  10 giant cockroaches
  3 gnoll zombies (Ossuary)
  7 goblins
  2 hobgoblins (D:3)
  7 jackals (D:4)
  13 kobolds
  8 quokkas
  2 bats
  8 frilled lizards
  A goblin zombie (Ossuary)
  6 hobgoblin zombies (Ossuary)
  2 orc zombies (Ossuary)
  4 rats
324 creatures vanquished.

Notes
Turn   | Place    | Note
-------+----------+-------------------------------------------
     0 | D:1      | EarthwalkerPL the Minotaur Fighter began the quest for the
                  | Orb.
     0 | D:1      | Reached XP level 1. HP: 19/19 MP: 0/0
    43 | D:1      | Found Xiwk's General Store.
    69 | D:1      | Got the Compilation of Striking and Exhumation
    83 | D:1      | Found a faded altar of an unknown god.
   584 | D:2      | Reached XP level 2. HP: 23/27 MP: 1/1
   899 | D:2      | Reached XP level 3. HP: 27/33 MP: 2/2
  1617 | D:3      | Found a runed translucent door.
  1618 | D:3      | Noticed Crazy Yiuf
  1937 | D:3      | Found a shadowy altar of Dithmenos.
  2041 | D:3      | Reached XP level 4. HP: 39/41 MP: 3/3
  2381 | D:3      | Killed Crazy Yiuf
  2492 | D:1      | Bought a +0 pair of gloves of infusion for 115 gold pieces
  2839 | D:4      | Reached XP level 5. HP: 47/47 MP: 2/4
  2911 | D:4      | Noticed a lemure
  2912 | D:4      | Noticed Pikel
  2913 | D:4      | Noticed a lemure
  2914 | D:4      | Noticed a lemure
  2939 | D:5      | Entered Level 5 of the Dungeon
  2947 | D:5      | Killed a lemure
  2982 | D:5      | Noticed an ice beast
  2990 | D:5      | Killed an ice beast
  2991 | D:5      | Reached skill level 5 in Fighting
  2991 | D:5      | Reached skill level 5 in Armour
  3001 | D:5      | Reached XP level 6. HP: 45/56 MP: 0/5
  3059 | D:5      | Noticed an ice beast
  3069 | D:5      | Killed an ice beast
  3070 | D:5      | Reached skill level 5 in Axes
  3082 | D:5      | Found a hide-covered altar of Uskayaw.
  3095 | D:5      | Noticed Sigmund
  3103 | D:5      | Killed Sigmund
  3104 | D:5      | Reached XP level 7. HP: 35/63 MP: 0/6
  3119 | D:5      | Reached skill level 5 in Shields
  3121 | D:5      | Got Sif Muna's Spellbook of Geometric Accompaniment
  3143 | D:5      | Found a white marble altar of Elyvilon.
  3223 | D:5      | Found a glowing drain.
  3227 | Sewer    | Entered a sewer
  3671 | D:5      | Noticed Blork the orc
  3677 | D:5      | Killed Blork the orc
  3949 | D:4      | Identified the +0 cloak of a Gauntlet {+Blink rElec rPois}
  4684 | D:4      | Killed Pikel
  4685 | D:4      | Reached XP level 8. HP: 51/73 MP: 0/7
  5107 | D:6      | Found a blossoming altar of Fedhas.
  5174 | D:6      | Found a bloodstained altar of Trog.
  5351 | D:6      | Found the amulet of the Four Winds {rN+ Will+++ Clar}
  5638 | D:6      | Found a staircase to the Ecumenical Temple.
  5645 | Temple   | Entered the Ecumenical Temple
  5692 | Temple   | Became a worshipper of Warmaster Okawaru
  5736 | D:6      | You fall into a shaft and drop 2 floors!
  5787 | D:8      | Reached XP level 9. HP: 44/82 MP: 0/8
  5791 | D:8      | Reached * piety under Okawaru
  6045 | D:7      | Found a sand-covered staircase.
  6058 | Ossuary  | Entered an ossuary
  6469 | Ossuary  | Noticed a silent spectre
  8338 | D:8      | Found a runed translucent gate.
  8382 | D:8      | Found a runed translucent gate.
  8383 | D:8      | Found a runed translucent gate.
  8383 | D:8      | Noticed a purple ugly thing
  8383 | D:8      | Noticed ghwc's ghost (novice DsAK)
  8476 | D:8      | Found a staircase to the Lair.
  8523 | D:8      | Reached ** piety under Okawaru
  9639 | D:8      | Reached XP level 10. HP: 88/93 MP: 7/9
  9641 | D:8      | Reached skill level 10 in Fighting
  9717 | D:8      | Reached *** piety under Okawaru
  9718 | D:8      | Reached skill level 10 in Armour
 10104 | D:9      | Reached skill level 10 in Axes
 10578 | D:9      | Noticed Grum
 10593 | D:9      | Killed Grum
 11339 | D:9      | Identified the +1 ring mail of the Barnacle {-Tele rElec
                  | rPois rN+}
 11346 | D:9      | Identified the +2 robe "Hocyrghocs" {rN++ rCorr Int-5}
 11357 | D:9      | Found an opulent altar of Gozag.
 11698 | D:10     | Entered Level 10 of the Dungeon
 11840 | D:10     | Reached skill level 1 in Dodging
 11841 | D:10     | Noticed a two-headed ogre
 11847 | D:10     | Reached skill level 1 in Throwing
 11851 | D:9      | Reached skill level 1 in Invocations
 12091 | D:10     | Reached **** piety under Okawaru
 12161 | D:10     | Killed a two-headed ogre
 12161 | D:10     | Received a gift from Okawaru
 12373 | D:10     | Found a staircase to the Orcish Mines.
 12442 | D:10     | Noticed Maurice
 12464 | D:10     | Killed Maurice
 12503 | D:10     | Noticed a two-headed ogre
 12514 | D:10     | Killed a two-headed ogre
 13043 | D:10     | Reached XP level 11. HP: 90/102 MP: 7/11
 13115 | D:10     | Reached ***** piety under Okawaru
 13804 | D:10     | Found a glowing silver altar of Zin.
 13840 | D:10     | Found a shimmering blue altar of Sif Muna.
 13869 | Orc:1    | Entered Level 1 of the Orcish Mines
 13876 | Orc:1    | Noticed an orc sorcerer
 13914 | D:10     | Killed an orc sorcerer
 13914 | D:10     | Received a gift from Okawaru
 13929 | Orc:1    | Noticed an orc knight
 13988 | D:10     | Killed an orc knight
 14329 | Orc:1    | Noticed an orc knight
 14469 | Orc:1    | Killed an orc knight
 14837 | Orc:1    | Noticed an orc sorcerer
 14872 | Orc:1    | Killed an orc sorcerer
 15266 | Orc:2    | Entered Level 2 of the Orcish Mines
 15286 | Orc:2    | Noticed an orc high priest
 15287 | Orc:2    | Gained mutation: You are frail. (-10% HP) [a neqoxec]
 15296 | Orc:2    | Gained mutation: Your body sometimes deteriorates upon
                  | taking damage. [a neqoxec]
 15304 | Orc:1    | Received a gift from Okawaru
 15355 | Orc:1    | Killed an orc high priest
 15736 | Orc:2    | Found Yjeaque's Self-Improvement Boutique.
 15752 | Orc:2    | Found a dark tunnel.
 15767 | Volcano  | Entered a volcano
 16712 | Volcano  | Received a gift from Okawaru
 16720 | Volcano  | Noticed a hell knight
 16735 | Volcano  | HP: 2/93 [salamander/+2 vorpal spear (3)]
 16779 | Volcano  | Shot with an arrow by a salamander

Illustrated notes

Levels and vault maps discovered:
D:1:      dpeg_arrival_pits, layout_basic,
          shapermc_ecumenical_altar_starsandcircs, serial_shops, shop,
          kennysheep_boxes
D:2:      layout_basic
D:3:      layout_loops_ring, mainiacjoe_overflow_24_doors, corner_web_ring,
          uniq_crazy_yiuf_cottage
D:4:      layout_basic, uniq_pikel
D:5:      layout_rooms, nicolae_overflow_crystal_walls, elyvilon_altar_5,
          gup_sewer_entry_bowl, uniq_sigmund, uniq_blork_the_orc
D:6:      layout_loops_ring, lemuel_doored_altar,
          mainiacjoe_overflow_small_starburst, temple_statues
D:7:      layout_loops_corners, nicolae_ossuary_entry_ruins
D:8:      layout_basic, erik_lair_island, gammafunk_ghost_split, minmay_holes,
          amcnicky_mini_rare_corridor_liquid
D:9:      layout_basic, overflow_temple_1_default, serial_curves,
          eino_curves_02, eino_curves_02, eino_curves_04, uniq_grum
D:10:     layout_loops_ring, kennysheep_little_box, kennysheep_mini_moat,
          orc_david_3, hangedman_abyss_or_decor_stabs, nooodl_orcs_dogs,
          uniq_maurice
Temple:   nicolae_temple_ecumenical_triangle
Orc:1:    layout_caves, uniq_sonja
Orc:2:    st_orc_mages, layout_diamond_mine, enter_volcano_1,
          nicolae_shop_self_help, uniq_saint_roka
Volcano:  volcano_grotto [vgs_hot_hot_hot]

Skill      XL: |  1  2  3  4  5  6  7  8  9 10 11 |
---------------+----------------------------------+-----
Fighting       | 4 5 6 7 8 9 11 12 | 12.2
Axes           | 3 4 5 7 9 10 12 | 12.0
Armour         | 4 5 6 7 8 9 11 12 | 12.2
Shields        | 4 5 6 7 8 9 |  9.1
Dodging        | 2 4 |  4.1
Throwing       | 2 3 |  3.7
Invocations    | 2 3 |  3.6

Action                   |  1- 3 |  4- 6 |  7- 9 | 10-12 || total
-------------------------+-------+-------+-------+-------++-------
Melee: War axe           |    76 |    63 |   358 |   402 ||   899
       Headbutt          |     7 |     8 |    49 |    74 ||   138
Throw: Javelin           |       |       |     3 |       ||     3
       Boomerang         |       |       |     4 |     5 ||     9
       Dart              |       |       |       |    34 ||    34
Invok: Heroism           |       |       |       |     1 ||     1
  Use: Scroll            |       |     4 |     1 |    13 ||    18
       Potion            |       |       |       |     1 ||     1
Armor: Scale mail        |    34 |    44 |   166 |    66 ||   310
       Plate armour      |       |       |       |   168 ||   168
Dodge: Dodged            |    39 |    35 |   154 |   183 ||   411
Block: Buckler           |    16 |     8 |    93 |   132 ||   249
